 Dungeon Crawl Stone Soup version 0.31-a0-219-g8d62b2e7bb (webtiles) character file.

Game seed: 4122299990222411430

1024 tsouns the Sneak (level 8, -3/38 (42) HPs)
             Began as a Vine Stalker Brigand on July 3, 2023.
             Was a High Priest of Ignis.
             Slain by a wight
             ... wielding a +5 long sword
              (8 damage)
             ... on level 6 of the Dungeon.
             The game lasted 00:06:39 (3910 turns).

tsouns the Sneak (Vine Stalker Brigand)             Turns: 3910, Time: 00:06:40

HP:   -3/38 (42)    AC:  3    Str: 18    XL:     8   Next: 22%
MP:   0/9           EV: 11    Int: 13    God:    Ignis [*****.]
Gold: 303           SH:  0    Dex: 15    Spells: 7/7 levels left

rFire   + . .        C - +8 trident of the Bedazzling Sybil {heavy, Will+ Str+3}
rCold   . . .        (no shield)
rNeg    . . .        b - +0 robe
rPois   .            (no helmet)
rElec   .            c - +0 cloak
rCorr   .            (no gloves)
SInv    .            (no boots)
Will    ++...        (no amulet)
Stlth   ++++         (no ring)
HPRegen 1.06/turn    (no ring)
MPRegen 0.11/turn

%: guardian spirit
@: drained
A: fangs 3, regeneration 1, magic shield, antimagic bite, no potion heal 2
a: Renounce Religion, Fiery Armour, Foxfire Swarm


You were on level 6 of the Dungeon.
You worshipped Ignis.
Ignis was extremely pleased with you.
You visited 1 branch of the dungeon, and saw 6 of its levels.

You collected 303 gold pieces.

Inventory:

Hand Weapons
 a - a +2 dagger
 n - a +1 dagger of freezing
 C - the +8 trident of the Bedazzling Sybil (weapon) {heavy, Will+ Str+3}
   (You found it on level 4 of the Dungeon)

   Str:       It affects your strength (+3).
   Will:      It increases your willpower.
Missiles
 d - 16 poisoned darts (quivered)
 e - 3 curare-tipped darts
 l - 6 datura-tipped darts
 m - 4 javelins
Armour
 b - a +0 robe (worn)
 c - a +0 cloak (worn)
Jewellery
 x - a +6 ring of strength
Wands
 E - a wand of mindburst (6)
Scrolls
 f - 2 scrolls of acquirement {unknown}
 g - a scroll of fog {unknown}
 h - 6 scrolls of identify {unknown}
 i - 5 scrolls of teleportation {unknown}
 j - a scroll of revelation {unknown}
 p - a scroll of silence {unknown}
 q - a scroll of poison {unknown}
 t - a scroll of immolation {unknown}
 v - 3 scrolls of noise {unknown}
 w - a scroll of enchant weapon {unknown}
 y - a scroll of brand weapon {unknown}
 B - a scroll of vulnerability {unknown}
 D - 2 scrolls of blinking {unknown}
 G - a scroll of amnesia {unknown}
Potions
 k - a potion of brilliance {unknown}
 o - a potion of invisibility {unknown}
 r - 2 potions of curing
 s - 3 potions of degeneration {unknown}
 u - 2 potions of heal wounds {unknown}
 z - 3 potions of attraction {unknown}
 A - a potion of magic {unknown}
 F - a potion of mutation {unknown}


   Skills:
 - Level 4.0 Fighting
 - Level 3.9 Short Blades
 + Level 5.6 Polearms
 - Level 1.7 Throwing
 - Level 0.7 Dodging
 - Level 7.0 Stealth


You had 7 spell levels left.
You didn't know any spells.
Your spell library contained the following spells:

 Spells                   Type           Power      Damage    Failure   Level
 Gell's Gravitas          Tloc           0%         N/A       67%         3
 Teleport Other           Tloc           0%         N/A       67%         3
 Vhi's Electric Charge    Tloc/Air       0%         N/A       67%         3
 Arcjolt                  Conj/Air       0%         1d10      100%        5
 Dispersal                Tloc           0%         N/A       100%        6
 Plasma Beam              Fire/Air       0%         2x1d10    100%        6


Dungeon Overview and Level Annotations

Branches:
Dungeon (6/15)
 Temple: D:4-7

Altars:
Dithmenos
Hepliaklqana
Uskayaw
Yredelemnul
Ignis

Shops:
D:1 *


Innate Abilities, Weirdness & Mutations

You have razor-sharp teeth.
Your natural rate of healing is unusually fast.
When hurt, damage is shared between your health and your magic reserves.
Your bite disrupts and absorbs the magic of your enemies.
Potions cannot restore your health.


Message History

No target in view!
No target in view!
No target in view!
Your fiery armour burns out.
There is a stone staircase leading up here.
There is an open door here.
There is an open door here.
There is an open door here.
You open the door.
There is an open door here.
Found 7 stones.
You open the door.
There is an open door here.
Done exploring.
Done exploring.
There is a stone staircase leading down here.
You climb downwards.
Found a potion of curing.
Found a stone staircase leading down.
There is a stone staircase leading up here.
An ufetubus comes into view.
The wight hits you with a +5 long sword!
You feel drained.
The ufetubus moves out of view.
Unknown command.
Activating: Foxfire Swarm
Press: ? - help, Dir - look around, f - activate Flames leap up around you!
The wight closely misses you. The wight hits you with a +0 battleaxe!
You feel drained.
The wight completely misses your foxfire.
The wight closely misses your foxfire.
The wight hits your foxfire with a +0 battleaxe!
The wight barely misses your foxfire. The wight closely misses you.
The wight hits you with a +4 great sword!
* * * LOW HITPOINT WARNING * * *
You feel drained.
* * * LOW HITPOINT WARNING * * *
Unknown command.
Your foxfire dissipates!
The wight attacks as you move away!
The wight hits you with a +5 long sword!
You die...

.. ##.......
..##.....!.
.....>....#
.....z....#
#........##
#..vvvvv.#
..#..vzzvv.#
.....vz@zv.##
#..##vv.vv..#
....vvvvv......
...........#.##.
.......#...# #
..........##
....#......
...##....##. ..
...##.


You could see 5 wights.

Vanquished Creatures
  Grinder (D:4)
  3 black bears
  An ogre (D:5)
  3 scorpions
  2 sleepcaps (D:5)
  2 iguanas (D:5)
  3 gnolls (D:5)
  5 adders
  A white imp (D:5)
  2 worms
  2 dart slugs
  9 orcs
  9 ball pythons
  2 bats (D:1)
  11 endoplasms
  2 giant cockroaches
  7 goblins
  6 hobgoblins
  8 jackals
  11 kobolds
  3 quokkas
  5 frilled lizards
  7 rats
105 creatures vanquished.

Notes
Turn   | Place    | Note
-------+----------+-------------------------------------------
     0 | D:1      | tsouns the Vine Stalker Brigand began the quest for the
                  | Orb.
     0 | D:1      | Reached XP level 1. HP: 11/11 MP: 2/2
    35 | D:1      | Reached skill level 5 in Stealth
    75 | D:1      | Reached XP level 2. HP: 12/15 MP: 1/3
   105 | D:1      | Found Xatotwep's General Store.
   474 | D:1      | Reached XP level 3. HP: 18/18 MP: 4/4
  1101 | D:2      | You fall into a shaft and drop 1 floor!
  1173 | D:2      | Gained mutation: Your natural rate of healing is unusually
                  | fast. [Vine Stalker growth]
  1173 | D:2      | Reached XP level 4. HP: 17/23 MP: 3/5
  1244 | D:2      | Found a faded altar of an unknown god.
  1254 | D:2      | Prayed at the altar of an unknown god.
  1254 | D:2      | Became a worshipper of Ignis, the Dying Flame
  2058 | D:3      | Noticed a black bear
  2065 | D:3      | Killed a black bear
  2066 | D:3      | Reached skill level 6 in Stealth
  2066 | D:3      | Reached XP level 5. HP: 28/28 MP: 6/6
  2117 | D:3      | Found a hide-covered altar of Uskayaw.
  2117 | D:3      | Found a hazy altar of Hepliaklqana.
  2396 | D:4      | Noticed Grinder
  2403 | D:4      | Killed Grinder
  2404 | D:4      | Reached skill level 7 in Stealth
  2404 | D:4      | Reached XP level 6. HP: 26/33 MP: 7/7
  2457 | D:4      | Found a basalt altar of Yredelemnul.
  2634 | D:4      | Identified the +8 trident of the Bedazzling Sybil {heavy,
                  | Will+ Str+3}
  2793 | D:4      | Reached skill level 1 in Polearms
  2793 | D:4      | Reached XP level 7. HP: 21/37 MP: 4/8
  3121 | D:5      | Entered Level 5 of the Dungeon
  3546 | D:5      | Found a shadowy altar of Dithmenos.
  3573 | D:4      | You fall into a shaft and drop 2 floors!
  3625 | D:5      | Gained mutation: You have razor-sharp teeth. [Vine Stalker
                  | growth]
  3625 | D:5      | Reached XP level 8. HP: 40/42 MP: 7/9
  3633 | D:5      | Reached skill level 5 in Polearms
  3910 | D:6      | Slain by a wight

Illustrated notes

Levels and vault maps discovered:
D:1:      wander_arrival_fairy_ring, layout_loops_corners, serial_shops,
          nicolae_shop_hallway_plus, minmay_misc_feat_roman
D:2:      layout_loops_ring, hellmonk_ecumenical_altar_lost_god
D:3:      layout_loops_ring, nicolae_overflow_two_pavilions
D:4:      layout_basic, mainiacjoe_overflow_boulevard, uniq_grinder
D:5:      layout_gridville, kennysheep_mini, kennysheep_generic_room_2
D:6:      layout_cave_pools, minmay_temple_entry_mini_moons

Skill      XL: |  1  2  3  4  5  6  7  8 |
---------------+-------------------------+-----
Stealth        | 5 6 7 |  7.0
Fighting       | 2 3 4 |  4.0
Short Blades   | 2 3 |  3.9
Polearms       | 1 4 5 |  5.6
Throwing       | |  1.7
Dodging        | |  0.7

Action                     |  1- 3 |  4- 6 |  7- 9 || total
---------------------------+-------+-------+-------++-------
  Melee: Dagger            |    86 |   108 |       ||   194
         Bite              |    10 |    26 |     6 ||    42
         Punch             |     1 |     1 |       ||     2
         Trident           |       |    16 |    43 ||    59
 Invoke: Rising Flame      |       |       |     1 ||     1
         Foxfire Swarm     |       |       |     1 ||     1
         Fiery Armour      |       |       |     1 ||     1
   Stab: Sleeping          |    11 |    14 |    11 ||    36
         Distracted        |       |       |     1 ||     1
 Armour: Robe              |    10 |    13 |     6 ||    29
  Dodge: Dodged            |    38 |    45 |    24 ||   107

Table legend: (Time is in decaauts)
 A = Elapsed time spent in this place.
 B = Non-inter-level travel time spent in this place.
 C = Inter-level travel time spent in this place.
 D = Time resting spent in this place.
 E = Time spent auto-exploring this place.
 F = Levels seen in this place.
 G = Mean time per level.
                   A        B        C        D        E       F      G
               +--------+--------+--------+--------+--------+-----+--------+
         Total |   3928 |   3831 |     97 |      0 |   3059 |   6 |  654.7 |
       Dungeon |   3928 |   3831 |     97 |      0 |   3059 |   6 |  654.7 |
               +--------+--------+--------+--------+--------+-----+--------+

Top non-repeatable levels by time:
     D:1: 1013 daAuts
     D:3: 805 daAuts
     D:5: 799 daAuts
     D:4: 743 daAuts
     D:2: 554 daAuts
     D:6: 11 daAuts
